 Dungeon Crawl Stone Soup version 0.25-a0-558-g78a2afb0af (webtiles) character file.

Game seed: 10587844428198435827, levelgen mode: deterministic

736 BeastOfSaturn the Charmwright (level 7, -2/60 HPs)
             Began as a Red Draconian Skald on Feb 24, 2020.
             Slain by a mummy (17 damage)
             ... in an ossuary.
             The game lasted 00:16:34 (5109 turns).

BeastOfSaturn the Charmwright (Red Draconian Skald) Turns: 5109, Time: 00:16:36

Health: -2/60      AC:  7    Str: 14    XL:     7   Next: 46%
Magic:  0/10       EV: 15    Int: 15    God:
Gold:   186        SH:  0    Dex: 10    Spells: 5/10 levels left

rFire    + . .     SeeInvis +   f - +0 spear (venom)
rCold    . . .     Gourm    .   (no shield)
rNeg     . . .     Faith    .   (armour unavailable)
rPois    .         Spirit   .   (helmet restricted)
rElec    .         Reflect  .   g - +0 cloak
rCorr    .         Harm     .   (no gloves)
MR       .....                  (no boots)
Stlth    +.........             (no amulet)
HPRegen  0.20/turn              k - +2 ring of evasion
MPRegen  0.12/turn              m - ring of see invisible

@: infused, singing
A: breathe fire, unfitting armour, fire resistance 1, cold-blooded, AC +6
a: Breathe Fire


You were in an ossuary.
You were not hungry.

You visited 1 branch of the dungeon, and saw 5 of its levels.
You also visited: Ossuary.

You collected 186 gold pieces.

Inventory:

Hand Weapons
 a - a +0 falchion
 f - a +0 spear of venom (weapon)
Armour
 g - a +0 cloak (worn)
Jewellery
 k - a +2 ring of evasion (left hand)
 m - a ring of see invisible (right hand)
Wands
 r - a wand of polymorph (8)
Scrolls
 b - 3 scrolls of remove curse
 j - a scroll of enchant armour {unknown}
 l - a scroll of noise {unknown}
 p - a scroll of blinking {unknown}
 q - a scroll of magic mapping {unknown}
Potions
 d - a potion of flight
 e - 3 potions of curing
 h - 4 potions of brilliance
 n - a potion of cancellation
 o - a potion of stabbing {unknown}
Comestibles
 c - 3 rations


   Skills:
 + Level 4.3 Fighting
 - Level 3.7 Long Blades
 + Level 3.2 Polearms
 + Level 4.0 Dodging
 - Level 2.0 Spellcasting
 * Level 4.7 Charms
 + Level 0.4 Translocations


You had 5 spell levels left.
You knew the following spells:

 Your Spells              Type           Power        Failure   Level  Hunger
a - Infusion              Chrm           ###.         3%          1    #......
b - Song of Slaying       Chrm           ###.....     4%          2    ###....
c - Shroud of Golubria    Chrm/Tloc      #.....       12%         2    ###....

Your spell library contained the following spells:

 Spells                   Type           Power        Failure   Level  Hunger
 Ozocubu's Armour         Chrm/Ice       #.......     26%         3    ###....
 Spectral Weapon          Hex/Chrm       #.......     26%         3    ###....


Dungeon Overview and Level Annotations

Branches:
Dungeon (5/15)            Ossuary (1/1)
 Temple: D:4-7

Altars:
Gozag
Nemelex Xobeh
Uskayaw
Zin

Annotations:
Ossuary Menkaure


Innate Abilities, Weirdness & Mutations

You can breathe blasts of fire.
Your fiery red scales are hard. (AC +6)
You cannot fit into any form of body armour.
Your flesh is heat resistant. (rF+)
You are cold-blooded and may be slowed by cold attacks.


Message History

You hit Menkaure.
Menkaure is moderately damaged.
Menkaure hits you!!
You hit Menkaure.
Menkaure is heavily damaged.
Menkaure barely misses you.
You hit Menkaure.
You tail-slap Menkaure, but do no damage.
Menkaure is severely damaged.
Menkaure points at you and mumbles some strange words.
Pain shoots through your body!
You hit Menkaure.
Menkaure is severely damaged.
You hit Menkaure but do no damage.
Menkaure is severely damaged.
Menkaure points at you and mumbles some strange words.
Pain shoots through your body!
* * * LOW HITPOINT WARNING * * *
The mummy hits you!
You die...

#..+ #..# #..# #
#..# .. #..+ ...
#..# .!!? #..#
.!!$?
#..########M.?$∩$
#..M@#....'M.M!M?
#..#M#....#...!!?
#..#.M..M.# .....
#..###....# ....
#..'.###### ###
#..#.'....#
#..#.#....#
#..###....#
#..'.#....#


You could see Menkaure and 2 mummies.

Vanquished Creatures
  Edmund (D:4)
  A phantom (D:4)
  An ogre (D:4)
  A scorpion (D:4)
  A howler monkey (D:3)
  A bullfrog zombie (D:5)
  A centaur zombie (Ossuary)
  A hound (D:4)
  Terence (D:2)
  2 mummies (Ossuary)
  Robin (D:4)
  6 gnolls
  4 adders
  An ooze (D:3)
  2 adder zombies (Ossuary)
  A dart slug (D:1)
  3 leopard geckos
  2 orcs
  4 giant cockroaches
  20 goblins
  10 hobgoblins
  12 jackals
  A quokka (D:3)
  9 bats
  3 frilled lizards
  A goblin zombie (Ossuary)
  2 kobolds (D:1)
  A kobold zombie (Ossuary)
  9 rats
  A rat zombie (Ossuary)
104 creatures vanquished.

Notes
Turn   | Place    | Note
-------+----------+-------------------------------------------
     0 | D:1      | BeastOfSaturn the Draconian Skald began the quest for the
                  | Orb.
     0 | D:1      | Reached XP level 1. HP: 17/17 MP: 3/3
   332 | D:1      | Reached XP level 2. HP: 24/24 MP: 5/5
   358 | D:1      | Learned a level 2 spell: Song of Slaying
   361 | D:1      | Learned a level 2 spell: Shroud of Golubria
   844 | D:1      | Reached XP level 3. HP: 25/29 MP: 6/6
  1488 | D:2      | Found a glowing silver altar of Zin.
  1489 | D:2      | Found an opulent altar of Gozag.
  1511 | D:2      | Noticed Terence
  1531 | D:2      | HP: 1/30 [Terence/+0 morningstar (11)]
  1937 | D:2      | Killed Terence
  1937 | D:2      | Reached XP level 4. HP: 22/37 MP: 0/7
  2896 | D:3      | Found a hide-covered altar of Uskayaw.
  2929 | D:3      | Found a faded altar of an unknown god.
  2976 | D:3      | Reached XP level 5. HP: 40/45 MP: 8/8
  3468 | D:4      | Noticed Edmund
  3493 | D:4      | Killed Edmund
  3493 | D:4      | Reached skill level 1 in Polearms
  3493 | D:4      | Reached XP level 6. HP: 17/51 MP: 9/9
  3982 | D:4      | Found a sparkling altar of Nemelex Xobeh.
  4094 | D:4      | Your scales start taking on a fiery red colour.
  4094 | D:4      | Reached XP level 7. HP: 59/59 MP: 10/10
  4094 | D:4      | Gained mutation: Your flesh is heat resistant. (rF+) [Red
                  | Draconian growth]
  4378 | D:4      | Noticed Robin
  4402 | D:4      | Killed Robin
  4666 | D:5      | Entered Level 5 of the Dungeon
  4683 | D:5      | Found a sand-covered staircase.
  4718 | Ossuary  | Entered an ossuary
  5090 | Ossuary  | Noticed Menkaure
  5109 | Ossuary  | Slain by a mummy

Levels and vault maps discovered:
D:1:      lightli_arrival_statuegarden, layout_loops_ring
D:2:      layout_rooms, grunt_temple_overflow_gold_and_silver, first_ration,
          uniq_terence
D:3:      layout_basic, eat_drink_and_be_merry_uskayaw,
          chequers_ecumenical_altar_grove
D:4:      layout_gridville, nemelex_xobeh_ov_fountains_minmay, uniq_robin,
          uniq_edmund
D:5:      layout_gridville, marbit_many_paths, gup_sewer_entry_pipe,
          lightli_ossuary_entry_decrepit_ruins, serial_shops, shop
Ossuary:  ossuary_boxes_badplayer

Skill      XL: |  1  2  3  4  5  6  7 |
---------------+----------------------+-----
Charms         | 3 4 |  4.7
Long Blades    | 3 |  3.7
Fighting       | 3 4 |  4.3
Polearms       | 1 2 3 |  3.2
Dodging        | 3 4 |  4.0
Spellcasting   | |  2.0
Translocations | |  0.4

Action                   |  1- 3 |  4- 6 |  7- 9 || total
-------------------------+-------+-------+-------++-------
Melee: Falchion          |   166 |    39 |       ||   205
       Tailslap          |    14 |    16 |    20 ||    50
       Spear             |       |    83 |   136 ||   219
 Cast: Shroud of Golubri |     4 |     1 |     1 ||     6
       Song of Slaying   |     1 |     1 |     1 ||     3
       Infusion          |     1 |       |     1 ||     2
 Abil: Breathe Fire      |       |       |     1 ||     1
  Use: Scroll            |     2 |       |     4 ||     6
 Stab: Sleeping          |     1 |       |       ||     1
  Eat: Chunk             |     2 |     6 |     2 ||    10
       Ration            |     1 |       |     1 ||     2
Armor: Skin              |    51 |    23 |    30 ||   104
Dodge: Dodged            |   143 |    98 |    80 ||   321
       Rpst.: Falchion   |    39 |    17 |       ||    56

Table legend:
 A = Non-vault XP
 B = Vault XP
 C = Vault XP percentage of total XP
 D = Non-vault monster count
 E = Vault monster count
 F = Vault count percentage of total count
                 A         B        C        D         E       F
            +---------+---------+-------+---------+---------+-------
      Total |     715 |     337 |  32.0 |      81 |      23 |  22.1
            +---------+---------+-------+---------+---------+-------
        D:1 |      54 |       0 |   0.0 |      31 |       0 |   0.0
        D:2 |      27 |      36 |  57.1 |      17 |       1 |   5.6
        D:3 |     144 |       0 |   0.0 |      19 |       0 |   0.0
        D:4 |     444 |     206 |  31.7 |      13 |      14 |  51.9
        D:5 |      46 |       0 |   0.0 |       1 |       0 |   0.0
    Ossuary |       0 |      95 | 100.0 |       0 |       8 | 100.0
            +---------+---------+-------+---------+---------+-------
